Map: Mementos LE

Players

Creepy

  • Race: Terran Terran
  • Spawn Location: 3:00

angich

  • Race: Protoss Protoss
  • Spawn Location: 12:00

JUSTKILLER

  • Race: Terran Terran
  • Spawn Location: 3:00

SelectTarget

  • Race: Zerg Zerg
  • League: Diamond
  • Spawn Location: 1:00

Baiz

  • Race: Terran Terran
  • Spawn Location: 7:00

sQN

  • Race: Zerg Zerg
  • Spawn Location: 9:00

Badice

  • Race: Terran Terran
  • Spawn Location: 6:00

Derebeyi

  • Race: Protoss Protoss
  • Spawn Location: 9:00

VOD

Have the link to the VOD?

Description

Time

  • Played on: March 18, 2021, 5:26 p.m.
  • Length: 4:23
Show
View Real Time Build Order
Export as new Build Order

Creepy Terran 

Build Orders:  

Get SALT Encoding   

  12  0:03  SCV  
  13  0:31  SCV  
  14  0:41  Supply Depot  
  14  0:43  SCV  
  15  1:06  Barracks  
  15  1:08  Barracks x2  
  15  1:11  SCV  
  16  1:25  SCV  
  16  1:29  Supply Depot  
  17  1:37  SCV  
  18  1:50  SCV  
  19  1:56  Barracks  
  19  1:57  Barracks  
  19  2:05  Marine  
  20  2:13  Supply Depot, Marine  
  20  2:14  Marine  
  22  2:24  Marine  
  23  2:34  Marine x2  
  25  2:42  Marine  
  25  2:43  Supply Depot, Marine  
  27  2:49  Marine  
  28  2:53  Supply Depot  
  28  2:56  Marine  
  28  2:57  Marine  
  30  3:03  Marine x2  
  32  3:10  Supply Depot  
  32  3:17  Marine x2  
  32  3:19  Marine  
  35  3:31  Marine x2  
  36  3:35  Marine  
  37  3:42  Marine x2  
  39  3:49  Marine x2  
  39  3:57  Marine  
  39  4:00  Marine x2  
Show
View Real Time Build Order
Export as new Build Order

angich Protoss 

Build Orders:  

Get SALT Encoding   

  12  0:00  Probe  
  13  0:17  Pylon  
  13  0:21  Probe (Chrono Boost)  
  14  0:31  Probe (Chrono Boost)  
  15  0:36  Probe (Chrono Boost)  
  16  0:47  Probe  
  17  0:54  Pylon  
  17  1:14  Gateway  
  17  1:16  Gateway  
  17  1:17  Gateway  
  17  1:23  Gateway  
  17  2:02  Cybernetics Core  
  17  2:03  Zealot x2  
  17  2:06  Zealot  
  23  2:11  Zealot  
  25  2:18  Pylon  
  25  2:30  Zealot  
  25  2:31  Zealot  
  25  2:33  Zealot  
  31  2:38  Zealot  
  33  2:46  Pylon  
  33  2:56  Assimilator  
  33  2:58  Zealot  
  35  3:02  Zealot  
  35  3:04  Zealot  
  39  3:20  Zealot  
  39  3:25  Zealot  
  47  4:02  Pylon  
Show
View Real Time Build Order
Export as new Build Order

JUSTKILLER Terran 

Build Orders:  

Get SALT Encoding   

  12  0:02  SCV  
  13  0:14  SCV  
  14  0:21  Supply Depot  
  14  0:27  SCV  
  15  0:43  SCV  
  16  0:53  Barracks  
  16  0:56  Barracks  
  16  1:00  SCV  
  17  1:12  SCV  
  18  1:25  Supply Depot  
  18  1:27  SCV  
  19  1:45  Barracks  
  19  1:48  Barracks  
  19  1:56  Supply Depot  
  19  2:13  Marine x2  
  21  2:19  Supply Depot  
  21  2:31  Marine x2  
  21  2:44  Supply Depot  
  21  2:49  Marine x2  
  23  2:56  Refinery  
  23  2:57  SCV  
  23  2:58  Refinery  
  24  3:06  Marine  
  24  3:07  Marine  
  24  3:09  SCV  
  25  3:24  Marine x2  
  25  3:34  SCV  
  26  3:42  Marine x2  
  26  3:46  SCV  
  29  3:58  SCV  
Show
View Real Time Build Order
Export as new Build Order

SelectTarget Zerg 

Build Orders: Pool First 

Get SALT Encoding   

  12  0:00  Drone  
  13  0:08  Drone  
  14  0:16  Drone, Extractor  
  14  0:33  Spawning Pool  
  13  0:41  Overlord  
  13  0:47  Drone  
  14  1:05  Drone x2  
  14  1:06  Drone  
  17  1:21  Metabolic Boost, Zergling x2  
  18  1:30  Zergling x2  
  19  1:35  Queen  
  21  1:40  Overlord  
  21  1:48  Zergling x2  
  22  2:01  Zergling x2  
  23  2:09  Hatchery  
  22  2:18  Zergling x2  
  22  2:25  Zergling x2  
  24  2:37  Zergling x2  
  24  2:39  Queen  
  26  2:49  Zergling x8  
  29  3:00  Overlord  
  29  3:22  Zergling x4  
  29  3:27  Zergling x2  
  29  3:28  Queen  
  31  3:35  Zergling x2  
  31  3:36  Zergling x2  
  33  3:46  Zergling x4  
  33  3:58  Zergling x2  
  33  3:59  Zergling x2  
  35  4:03  Zergling x6  
Show
View Real Time Build Order
Export as new Build Order

Baiz Terran 

Build Orders:  

Get SALT Encoding   

  12  0:00  SCV  
  13  0:12  SCV  
  14  0:18  Supply Depot  
  14  0:24  SCV  
  15  0:36  Refinery  
  15  0:39  SCV  
  16  0:50  Barracks  
  16  0:51  SCV  
  17  1:04  SCV  
  18  1:16  SCV  
  19  1:27  Supply Depot  
  19  1:28  SCV  
  20  1:39  Factory  
  20  1:42  Bunker  
  20  1:46  Marine  
  21  1:49  Bunker  
  21  1:51  SCV  
  22  2:04  Marine  
  23  2:14  Bunker  
  23  2:19  Orbital Command  
  23  2:22  Factory Tech Lab, Marine  
  24  2:38  Supply Depot  
  24  2:40  Marine  
  24  2:44  Siege Tank  
  28  2:56  SCV  
  28  2:58  Marine  
  29  3:02  Supply Depot  
  30  3:16  Marine  
  31  3:30  Siege Tank  
  34  3:40  Marine  
Show
View Real Time Build Order
Export as new Build Order

sQN Zerg 

Build Orders: Pool First 

Get SALT Encoding   

  12  0:00  Drone  
  13  0:09  Drone  
  14  0:23  Extractor  
  14  0:27  Drone  
  14  0:33  Spawning Pool  
  13  0:37  Drone  
  14  0:48  Overlord  
  14  1:15  Hatchery  
  13  1:21  Drone  
  14  1:28  Metabolic Boost  
  14  1:34  Zergling x2  
  14  1:39  Zergling x2  
  16  1:41  Zergling x2  
  17  1:48  Zergling x2  
  18  1:55  Queen  
  18  2:01  Zergling x2  
  21  2:18  Zergling x2  
  21  2:21  Overlord  
  22  2:36  Zergling x4  
  22  2:44  Zergling x4  
  22  2:50  Spine Crawler  
  21  2:53  Zergling x4  
  21  3:07  Zergling x4  
  23  3:15  Zergling x4  
  22  3:27  Zergling x6  
Show
View Real Time Build Order
Export as new Build Order

Badice Terran 

Build Orders:  

Get SALT Encoding   

  12  0:02  SCV  
  13  0:30  Supply Depot  
  13  0:31  SCV  
  14  0:43  SCV  
  15  0:55  SCV  
  16  0:59  Barracks  
  16  1:07  SCV  
  17  1:17  Refinery  
  17  1:31  Supply Depot  
  17  1:51  Marine  
  18  1:54  Supply Depot  
  18  2:06  Barracks  
  18  2:09  Marine  
  19  2:17  Supply Depot  
  19  2:27  Marine  
  20  2:41  Supply Depot  
  20  2:44  Marine  
  21  2:54  Barracks  
  21  2:57  Barracks Tech Lab  
  21  3:02  Marine  
  21  3:04  Supply Depot  
  22  3:20  Marine  
  23  3:35  Marauder  
  23  3:38  Marine  
  26  3:42  Barracks  
  26  3:56  Marauder  
  28  4:04  Barracks Reactor  
Show
View Real Time Build Order
Export as new Build Order

Derebeyi Protoss 

Build Orders:  

Get SALT Encoding   

  12  0:00  Probe  
  13  0:13  Probe  
  14  0:25  Probe  
  15  0:29  Pylon  
  15  0:32  Pylon  
  15  0:42  Assimilator  
  15  0:47  Probe  
  15  0:48  Assimilator  
  16  0:59  Probe  
  17  1:09  Forge  
  17  1:14  Gateway  
  17  1:27  Probe (Chrono Boost)  
  18  1:37  Probe (Chrono Boost)  
  19  1:42  Probe (Chrono Boost)  
  20  1:53  Probe  
  21  2:05  Cybernetics Core, Probe  
  22  2:17  Probe  
  23  2:26  Nexus  
  23  2:36  Pylon  
  23  2:43  Assimilator  
  23  2:47  Assimilator  
  23  3:05  Stargate  
  23  3:06  Stargate  
  23  3:17  Stargate  
  23  3:29  Twilight Council  
  23  3:35  Photon Cannon  
  23  4:02  Fleet Beacon  
Tags
 
Add a new tag
Caveats
  • Supply blocks, unpowered buildings, or Contaminate may cause inaccurate times.
  • Supply counts are checked every 10 seconds.